 Dungeon Crawl Stone Soup version 0.31-a0-876-gfe8ebadbca (webtiles) character file.

Game seed: 8991431588206769280

2989 MackTheKnife the Cleaver (level 9, -5/83 HPs)
             Began as a White Draconian Cinder Acolyte on Oct 13, 2023.
             Was an Initiate of Okawaru.
             Slain by a fire elemental (9 damage)
             ... created by the fiery vengeance of Ignis
             ... on level 7 of the Dungeon.
             The game lasted 00:09:33 (8360 turns).

MackTheKnife the Cleaver (DrCA)                     Turns: 8360, Time: 00:09:33

Health: -5/83      AC: 12    Str: 15    XL:     9   Next: 53%
Magic:  10/10      EV: 11    Int: 12    God:    Okawaru [......]
Gold:   256        SH:  0    Dex: 11    Spells: 8/10 levels left

rFire   . . .        m - +0 war axe {axe}
rCold   + . .        (no shield)
rNeg    . . .        (body armour unavailable)
rPois   .            (helmet restricted)
rElec   .            (no cloak)
rCorr   .            (no gloves)
SInv    .            j - +0 pair of boots
Will    +....        x - amulet of faith {!P}
Stlth   +            s - ring of wizardry
HPRegen 0.33/turn    l - +4 ring of protection
MPRegen 0.12/turn

%: faith, wizardry (x1)
@: mighty, fire susceptible
A: breathe frost, AC +7, unfitting armour, cold resistance 1, cold-blooded,
dopey 1, strong-willed 1, weak 1, inability to read after injury 1, devolution 1
a: Breathe Frost, Renounce Religion


You were on level 7 of the Dungeon.
You worshipped Okawaru.
Okawaru was noncommittal.
You visited 2 branches of the dungeon, and saw 8 of its levels.
You also visited: Ossuary.

You collected 436 gold pieces.
You spent 180 gold pieces at shops.


Innate Abilities, Weirdness & Mutations

You can breathe waves of freezing cold which knock back foes.
Your icy white scales are hard. (AC +7)
You cannot fit into any form of body armour.
Your flesh is cold resistant. (rC+)
You are cold-blooded and may be slowed by cold attacks.
You are dopey. (Int -2)
You are strong-willed. (Will+)
You are weak. (Str -2)
You occasionally lose the ability to read scrolls when taking damage.
You have hidden genetic defects.


   Skills:
 + Level 9.2 Fighting
 + Level 11.2 Axes
 - Level 1.0 Spellcasting
 - Level 2.4 Fire Magic


You had 8 spell levels left.
You knew the following spells:

 Your Spells              Type           Power      Damage    Failure   Level
a - Scorch                Fire           12%        2d5       7%          2

Your spell library contained the following spells:

 Spells                   Type           Power      Damage    Failure   Level
 Shock                    Conj/Air       0%         1d3       12%         1
 Sublimation of Blood     Necr           0%         N/A       17%         2
 Swiftness                Air            0%         N/A       32%         3
 Airstrike                Air            0%         2d(0-16)  71%         4
 Petrify                  Tmut/Erth      0%         N/A       71%         4
 Irradiate                Conj/Tmut      0%         3d11      96%         5

Inventory:

Hand Weapons
 a - a -1 hand axe of flaming {axe}
 m - a +0 war axe (weapon) {axe}
   (You took it off an orc on level 3 of the Dungeon)
Armour
 j - a +0 pair of boots (worn)
   (You found it on level 2 of the Dungeon)
Jewellery
 l - a +4 ring of protection (right hand)
   (You found it on level 6 of the Dungeon)
 s - a ring of wizardry (left hand)
   (You found it on level 4 of the Dungeon)
 x - an amulet of faith (around neck) {!P}
   (You found it on level 5 of the Dungeon)
Wands
 n - a wand of paralysis (8)
   (You took it off Ijyb on level 3 of the Dungeon)
 r - a wand of flame (29)
   (You took it off Grinder on level 3 of the Dungeon)
 A - a wand of digging (1)
   (You found it on level 6 of the Dungeon)
 G - a wand of roots (11)
   (You found it on level 6 of the Dungeon)
Scrolls
 b - 4 scrolls of teleportation {@r4}
 e - a scroll of fear {unknown}
 f - a scroll of butterflies {unknown}
 g - 3 scrolls of immolation {unknown}
 i - 2 scrolls of vulnerability {unknown}
 k - 2 scrolls of revelation
 p - 2 scrolls of noise {unknown}
 y - a scroll of blinking {!r}
 C - 4 scrolls of poison {unknown}
 D - a scroll of torment {!r}
 E - 2 scrolls of brand weapon {unknown}
Potions
 c - 4 potions of heal wounds {@q2}
 d - a potion of berserk rage {unknown}
 h - 3 potions of curing {@q1}
 o - 2 potions of invisibility {unknown}
 q - a potion of enlightenment {unknown}
 t - a potion of attraction {unknown}
 u - 2 potions of brilliance {unknown}
 v - 4 potions of degeneration {unknown}
 w - a potion of cancellation {unknown}
 B - a potion of might

Dungeon Overview and Level Annotations

Branches:
Dungeon (7/15) Zot: 25750  Temple (1/1) D:6 Zot: 5956 Ossuary (visited)

Altars:
Ashenzari
Cheibriados
Dithmenos
Elyvilon
Fedhas
Gozag
Hepliaklqana
Kikubaaqudgha
Makhleb
Nemelex Xobeh
Okawaru
Qazlal
Sif Muna
Trog
Uskayaw
Vehumet
Wu Jian
Yredelemnul
Zin
The Shining One

Shops:
D:3 : D:5

:! #........# ....#
.......... #.....# #...#
. .......##. .....#
#...# #.. .#......#
...?####... #..
.........#
#.....#....### ...
...####...
#............. ### ....#
#.. ##..°.........#
..(.# ...##..E..##.....#
....#
.......@..##.....##
.<...#
......E...##......## ##.
......
..........#........##...
....##
........).........†....#
....#
........##...#.......###
..
.......###.........###
.. .###... #..........##
##..#............## #
#................##.


You could see 2 fire elementals.


Message History

You lost 2 mp, and now have 8/10 mp.
Flames lash the steam dragon.
The steam dragon's fire resistance burns away.
Something hits you but does no damage. 😕 HP[+1] MP[-2]
You lost 2 mp, and now have 6/10 mp.
Flames lash something.
The steam dragon bites you but does no damage.
The steam dragon claws you but does no damage.
Something hits you but does no damage. 😕 MP[-2]
You lost 2 mp, and now have 4/10 mp.
Flames lash something.
The steam dragon bites you but does no damage.
The steam dragon claws you but does no damage.
Something barely misses you. 😕 MP[-2]
You lost 2 mp, and now have 2/10 mp.
Flames lash something but do no damage.
The steam dragon bites you but does no damage.
The steam dragon claws you but does no damage.
Something hits you but does no damage. 😕 MP[-2]
You lost 2 mp, and now have 0/10 mp.
You are out of magic!
You are out of magic!
You are out of magic!
Unknown command.
You slash the steam dragon! You closely miss something.
The steam dragon breathes steam at you. The ball of steam misses you.
Something hits you. Something shocks you. 😕 HP[-6]
You take 6 damage, and now have 71/82 hp.
You hit the steam dragon.
You kill the steam dragon!
Okawaru accepts your kill.
You slash something!
You are engulfed in a cloud of scalding steam.
Reactivating autopickup.
You feel a bit more experienced.
Your Fighting skill increases to level 9! 😕 HP[+1]
You now have 83 max hp (+1).
No target in view!
No target in view!
No target in view! 😕 MP[+1]
You start resting.
You're standing in a cloud of steam! 😕 HP[+1] You're standing in a cloud of steam!
You're standing in a cloud of steam!
You're standing in a cloud of steam!
You're standing in a cloud of steam!
You start resting.
You have got your breath back. 😎 HP[+10] MP[+3]
Your hp is fully restored (83).
You regained 3 mp, and now have 4/10 mp.
Key pressed, stopping explore.
You now have 256 gold pieces (gained 18).
Ignis calls forth spirits of fire to unmake you! 2 fire elementals come into view. 😎 MP[+6]
Your mp is fully restored (10).
There are monsters nearby!
Unknown command.
You feel very mighty all of a sudden. The fire elemental hits you.
The fire elemental burns you! 😕 HP[-4]
You take 4 damage, and now have 79/83 hp.
You barely miss the fire elemental. You closely miss the fire elemental.
The fire elemental barely misses you. The fire elemental hits you.
The fire elemental burns you! 😕 HP[-12]
You take 12 damage, and now have 67/83 hp.
You hit the fire elemental. You barely miss the fire elemental.
The fire elemental hits you. The fire elemental burns you!
The fire elemental hits you. The fire elemental burns you! 😮 HP[-23]
You take 23 damage, and now have 44/83 hp.
MASSIVE DAMAGE!! (PAUSE)
You hit the fire elemental. x2; The fire elemental hits you.
The fire elemental burns you!
* * * LOW HITPOINT WARNING * * *
The fire elemental hits you. The fire elemental burns you!
* * * LOW HITPOINT WARNING * * *
😨 HP[-15]
You take 15 damage, and now have 29/83 hp.
Unknown command.
You barely miss the fire elemental.
You hit the fire elemental but do no damage.
The fire elemental hits you. The fire elemental burns you!
* * * LOW HITPOINT WARNING * * *
The fire elemental hits you. The fire elemental burns you!
* * * LOW HITPOINT WARNING * * *
The fire elemental hits you. The fire elemental burns you!
* * * LOW HITPOINT WARNING * * *
The fire elemental hits you. The fire elemental burns you!
You die...

Skill      XL: |  1  2  3  4  5  6  7  8  9 |
---------------+----------------------------+-----
Axes           | 4 5 7 8 9 10 11 | 11.2
Fire Magic     | 2 |  2.4
Fighting       | 5 7 9 |  9.2
Spellcasting   | |  1.0

Action                     |  1- 3 |  4- 6 |  7- 9 || total
---------------------------+-------+-------+-------++-------
  Melee: Hand axe          |    73 |   114 |   308 ||   495
         Tailslap          |    10 |    14 |    54 ||    78
         War axe           |       |       |    24 ||    24
         Punch             |       |       |     2 ||     2
   Cast: Scorch            |     4 |    22 |   101 ||   127
Ability: Breathe Frost     |       |       |    15 ||    15
  Evoke: Wand              |       |     5 |       ||     5
    Use: Potion            |       |     2 |     4 ||     6
         Scroll            |       |       |     7 ||     7
   Stab: Sleeping          |       |     1 |       ||     1
         Paralysed         |       |     8 |       ||     8
 Armour: Skin              |    50 |    77 |   330 ||   457
  Dodge: Dodged            |    47 |    61 |   206 ||   314

Levels and vault maps discovered:
D:1:      tarquinn_simple_flora_water_b, layout_basic
D:2:      layout_loops_ring, minmay_goblin_kobold_house, uniq_terence,
          uniq_natasha
D:3:      layout_loops_ring, serial_shops, nicolae_shop_just_a_little_nook,
          ebering_ecumenical_altar_abandoned, minmay_misc_feat_more_columns,
          hangedman_abyss_or_decor_lesser_grid, kennysheep_generic_room_10,
          uniq_grinder, uniq_jessica, uniq_ijyb
D:4:      layout_basic
D:5:      layout_rooms, serial_shops, shop, nicolae_custom_books,
          serial_bayou_pond_d
D:6:      layout_loops_cross, pdpol_temple_overflow_zin_treasury_gozag_greed,
          minmay_temple_entry_wispy, enter_ossuary_5,
          minmay_misc_feat_secret_circle
D:7:      layout_layer_cave, uniq_menkaure
Temple:   nicolae_temple_two_arcs

Notes
Turn   | Place    | Note
-------+----------+-------------------------------------------
     0 | D:1      | MackTheKnife the Draconian Cinder Acolyte began the quest
                  | for the Orb.
     0 | D:1      | Reached XP level 1. HP: 19/19 MP: 2/2
     0 | D:1      | magus.rc [v1.9.6]
   414 | D:1      | Reached XP level 2. HP: 24/26 MP: 3/3
   603 | D:1      | Learned a level 2 spell: Scorch
   937 | D:2      | Noticed Terence
   941 | D:2      | Noticed Natasha
  1072 | D:2      | Reached skill level 4 in Axes
  1287 | D:2      | Killed Natasha
  1288 | D:2      | Reached XP level 3. HP: 31/31 MP: 1/4
  1358 | D:2      | HP: 5/31 [Terence/+0 hand axe (5)]
  1359 | D:2      | Killed Terence
  1360 | D:2      | Reached skill level 5 in Axes
  1360 | D:2      | Reached XP level 4. HP: 7/38 MP: 1/5
  1732 | D:2      | Noticed Natasha
  1827 | D:2      | Killed Natasha
  2007 | D:3      | Reached XP level 5. HP: 45/45 MP: 1/6
  2115 | D:3      | Noticed Jessica
  2119 | D:3      | Killed Jessica
  2120 | D:3      | Reached skill level 6 in Axes
  2259 | D:3      | Noticed Ijyb
  2268 | D:3      | Paralysed by Ijyb for 3 turns
  2274 | D:3      | Paralysed by Ijyb for 4 turns
  2287 | D:3      | Killed Ijyb
  2559 | D:3      | Found a faded altar of an unknown god.
  2645 | D:3      | Noticed Grinder
  2653 | D:3      | Killed Grinder
  2654 | D:3      | Reached skill level 7 in Axes
  2654 | D:3      | Reached XP level 6. HP: 43/51 MP: 4/7
  2881 | D:3      | Found Gilikaeps's Book Shoppe.
  3457 | D:4      | Reached skill level 8 in Axes
  3457 | D:4      | Your scales start taking on an icy white colour.
  3457 | D:4      | Reduced skill Fire Magic to level 2
  3457 | D:4      | Reached XP level 7. HP: 21/57 MP: 2/8
  3457 | D:4      | Gained mutation: Your flesh is cold resistant. (rC+) [White
                  | Draconian growth]
  3649 | D:4      | You pick up a book of Alchemy and begin reading...
  3649 | D:4      | You add the spells Sublimation of Blood, Petrify and
                  | Irradiate to your library.
  4257 | D:5      | Entered Level 5 of the Dungeon
  4402 | D:5      | Reached skill level 4 in Fighting
  4653 | D:5      | Reached skill level 5 in Fighting
  4742 | D:5      | Reached skill level 9 in Axes
  4742 | D:5      | Reached XP level 8. HP: 68/68 MP: 6/9
  4781 | D:5      | Found Taemirhu's Distillery.
  4858 | D:5      | Bought a potion of mutation for 80 gold pieces
  4858 | D:5      | Gained mutation: You have hidden genetic defects. [potion
                  | of mutation]
  4858 | D:5      | Gained mutation: You have sharp toenails. [potion of
                  | mutation]
  4859 | D:5      | Bought a potion of heal wounds for 50 gold pieces
  4859 | D:5      | Bought a potion of heal wounds for 50 gold pieces
  4890 | D:5      | You pick up a book of Air and begin reading...
  4890 | D:5      | You add the spells Shock, Swiftness and Airstrike to your
                  | library.
  5185 | D:5      | Found Ypotyih's Self-Published Books.
  5366 | D:6      | Reached skill level 6 in Fighting
  5449 | D:6      | Found an opulent altar of Gozag.
  5479 | D:6      | Found a sand-covered staircase.
  5485 | Ossuary  | Entered an ossuary
  5535 | Ossuary  | Gained mutation: You are weak. (Str -2) [hidden defects]
  5653 | Ossuary  | Reached skill level 7 in Fighting
  5791 | Ossuary  | Lost mutation: You have hidden genetic defects. [potion of
                  | mutation]
  5791 | Ossuary  | Lost mutation: You have sharp toenails. [potion of
                  | mutation]
  5791 | Ossuary  | Gained mutation: You are strong-willed. (Will+) [potion of
                  | mutation]
  5791 | Ossuary  | Gained mutation: You have hidden genetic defects. [potion
                  | of mutation]
  5819 | Ossuary  | Reached skill level 10 in Axes
  6053 | D:6      | Gained mutation: You have terrible hidden genetic defects.
                  | [hidden defects]
  6161 | D:6      | Reached XP level 9. HP: 80/80 MP: 5/10
  6353 | D:6      | Found a staircase to the Ecumenical Temple.
  6359 | Temple   | Entered the Ecumenical Temple
  6514 | D:6      | Reached skill level 8 in Fighting
  6533 | D:6      | Gained mutation: You occasionally lose the ability to read
                  | scrolls when taking damage. [hidden defects]
  6533 | D:6      | Lost mutation: You have terrible hidden genetic defects.
                  | [hidden defects expressed]
  6897 | Temple   | Fell from the grace of Ignis
  6897 | Temple   | Became a worshipper of Warmaster Okawaru
  7083 | D:6      | Found a glowing silver altar of Zin.
  7333 | D:7      | Noticed Menkaure
  7341 | D:7      | Killed Menkaure
  7342 | D:7      | Reached skill level 11 in Axes
  7362 | D:7      | Gained mutation: You are dopey. (Int -2) [hidden defects]
  8267 | D:7      | Reached skill level 9 in Fighting
  8360 | D:7      | HP: 14/83 [fire elemental[the fiery vengeance of Ignis]
                  | (8)]
  8360 | D:7      | HP: 4/83 [fire elemental[the fiery vengeance of Ignis]
                  | (10)]
  8360 | D:7      | Slain by a fire elemental

Vanquished Creatures
  Grinder (D:3)
  A wraith (D:6)
  2 fire elementals (D:7)
  Menkaure (D:7)
  A steam dragon (D:7)
  A water moccasin (D:6)
  3 black bears
  3 ogres
  3 phantoms
  3 elf zombies (Ossuary)
  A bullfrog (D:6)
  A scorpion (D:7)
  6 centaur zombies (Ossuary)
  4 hounds
  3 human zombies (Ossuary)
  A jelly (D:6)
  4 orc priests
  A sleepcap (D:6)
  A gnoll bouda (D:5)
  Jessica (D:3)
  An iguana (D:5)
  Ijyb (D:3)
  Terence (D:2)
  Natasha (twice) (D:2)
  3 orc wizards
  3 mummies (Ossuary)
  5 gnolls
  6 adders
  3 shadow imps
  A white imp (D:5)
  An ufetubus (D:5)
  2 worms
  4 dart slugs
  33 orcs
  6 ball pythons
  3 bats
  7 endoplasms
  2 giant cockroaches
  4 goblins
  6 hobgoblins (D:2)
  3 kobolds
  A quokka (D:4)
  6 frilled lizards
  2 rats
148 creatures vanquished.

Vanquished Creatures (others)
  A sky beast (D:7)
1 creature vanquished.

Grand Total: 149 creatures vanquished

Table legend:
 A = Non-vault XP
 B = Vault XP
 C = Vault XP percentage of total XP
 D = Non-vault monster count
 E = Vault monster count
 F = Vault count percentage of total count
                 A         B        C        D         E       F
            +---------+---------+-------+---------+---------+-------
      Total |    2921 |    1349 |  31.6 |     117 |      30 |  20.4
            +---------+---------+-------+---------+---------+-------
        D:1 |      22 |       0 |   0.0 |      11 |       0 |   0.0
        D:2 |      73 |      87 |  54.4 |      15 |      10 |  40.0
        D:3 |     104 |     336 |  76.4 |      18 |       4 |  18.2
        D:4 |     304 |       0 |   0.0 |      19 |       0 |   0.0
        D:5 |     771 |       0 |   0.0 |      18 |       0 |   0.0
        D:6 |    1111 |       0 |   0.0 |      27 |       0 |   0.0
        D:7 |     536 |     183 |  25.5 |       9 |       1 |  10.0
    Ossuary |       0 |     743 | 100.0 |       0 |      15 | 100.0
            +---------+---------+-------+---------+---------+-------

Skill      XL: |  1  2  3  4  5  6  7  8  9 |
---------------+----------------------------+-----
Axes           | 4 5 7 8 9 10 11 | 11.2
Fire Magic     | 2 |  2.4
Fighting       | 5 7 9 |  9.2
Spellcasting   | |  1.0

Action                     |  1- 3 |  4- 6 |  7- 9 || total
---------------------------+-------+-------+-------++-------
  Melee: Hand axe          |    73 |   114 |   308 ||   495
         Tailslap          |    10 |    14 |    54 ||    78
         War axe           |       |       |    24 ||    24
         Punch             |       |       |     2 ||     2
   Cast: Scorch            |     4 |    22 |   101 ||   127
Ability: Breathe Frost     |       |       |    15 ||    15
  Evoke: Wand              |       |     5 |       ||     5
    Use: Potion            |       |     2 |     4 ||     6
         Scroll            |       |       |     7 ||     7
   Stab: Sleeping          |       |     1 |       ||     1
         Paralysed         |       |     8 |       ||     8
 Armour: Skin              |    50 |    77 |   330 ||   457
  Dodge: Dodged            |    47 |    61 |   206 ||   314

Illustrated notes

Table legend:
 A = Kills in this place as a percentage of kills in the entire game.
 B = Kills by you in this place as a percentage of kills by you in the entire game.
 C = Kills by friends in this place as a percentage of kills by friends in the entire game.
 D = Other kills in this place as a percentage of other kills in the entire game.
 E = Experience gained in this place as a percentage of experience gained in the entire game.
 F = Experience gained in this place divided by the number of levels of this place that you have seen.
                   A       B       C       D       E      F
               +-------+-------+-------+-------+-------+----------------------
         Total | 100.0 | 100.0 |   N/A | 100.0 | 100.0 | 474.4
       Dungeon |  89.8 |  89.7 |   N/A | 100.0 |  82.6 | 503.9
       Ossuary |  10.2 |  10.3 |   N/A |   0.0 |  17.4 | 743.0
               +-------+-------+-------+-------+-------+----------------------

Table legend: (Time is in decaauts)
 A = Elapsed time spent in this place.
 B = Non-inter-level travel time spent in this place.
 C = Inter-level travel time spent in this place.
 D = Time resting spent in this place.
 E = Time spent auto-exploring this place.
 F = Levels seen in this place.
 G = Mean time per level.
                   A        B        C        D        E       F      G
               +--------+--------+--------+--------+--------+-----+--------+
         Total |   8328 |   7961 |    367 |   1065 |   5691 |   9 |  925.3 |
       Dungeon |   7815 |   7470 |    345 |    905 |   5545 |   7 | 1116.4 |
        Temple |     43 |     22 |     21 |      0 |      0 |   1 |   43.0 |
       Ossuary |    469 |    469 |      0 |    160 |    146 |   1 |  469.0 |
               +--------+--------+--------+--------+--------+-----+--------+

Top non-repeatable levels by time:
     D:4: 1318 daAuts
     D:7: 1248 daAuts
     D:6: 1206 daAuts
     D:3: 1190 daAuts
     D:2: 1057 daAuts
     D:1: 980 daAuts
     D:5: 814 daAuts
 Ossuary: 469 daAuts
  Temple: 43 daAuts
